 Dungeon Crawl Stone Soup version 0.30-a0-956-gcec3b41aec (webtiles) character file.

Game seed: 16224171449661869914

5809 howech the Cruncher (level 10, -12/81 HPs)
             Began as a Minotaur Gladiator on Mar 28, 2023.
             Mangled by a cane toad (20 damage)
             ... on level 1 of the Lair of Beasts on Mar 29, 2023.
             The game lasted 00:22:53 (9156 turns).

howech the Cruncher (Minotaur Gladiator)            Turns: 9156, Time: 00:22:53

Health: -12/81     AC:  5    Str: 19    XL:     10   Next: 50%
Magic:  10/10      EV: 13    Int: 15    God:
Gold:   476        SH:  0    Dex: 12    Spells: 10/10 levels left

rFire   . . .      SeeInvis .    a - +1 quarterstaff
rCold   + . .      Faith    .    (shield currently unavailable)
rNeg    + + .      Spirit   .    B - +1 leather armour "Poaluz" {+Blink rC+ rN+}
rPois   .          Reflect  .    c - +1 hat
rElec   .          Rampage  .    (no cloak)
rCorr   .                        (no gloves)
Will    .....                    (no boots)
Stlth   +                        (no amulet)
HPRegen 0.33/turn                i - +6 ring of intelligence
MPRegen 0.12/turn                v - ring of positive energy

@: studying Maces & Flails
A: horns 2, retaliatory headbutt
a: Evoke Blink


You were on level 1 of the Lair of Beasts.
You visited 3 branches of the dungeon, and saw 10 of its levels.

You collected 476 gold pieces.

Inventory:

Hand Weapons
 a - a +1 quarterstaff (weapon)
Missiles
 e - a javelin
 h - 11 poisoned darts
 s - 3 boomerangs (quivered)
 w - a curare-tipped dart
Armour
 b - a +0 leather armour
 c - a +1 hat (worn)
 B - the +1 leather armour "Poaluz" (worn) {+Blink rC+ rN+}
   (You found it on level 7 of the Dungeon)

   rC:        It protects you from cold.
   rN:        It protects you from negative energy.
   +Blink:    It lets you blink.
 E - +0 steam dragon scales
Jewellery
 d - a ring of see invisible
 i - a +6 ring of intelligence (left hand)
 v - a ring of positive energy (right hand)
Wands
 k - a wand of charming (18)
 t - a wand of acid (11)
 y - a wand of iceblast (9)
 z - a wand of flame (27)
Scrolls
 o - 5 scrolls of enchant armour
 p - a scroll of fear
 A - a scroll of teleportation
Potions
 f - a potion of resistance
 g - 6 potions of curing
 l - 2 potions of mutation {unknown}
 m - 2 potions of brilliance {unknown}
 n - 2 potions of cancellation {unknown}
 q - a potion of degeneration {unknown}
 r - a potion of heal wounds {unknown}
 u - a potion of might {unknown}
 x - a potion of berserk rage {unknown}
 C - a potion of flight {unknown}


   Skills:
 + Level 5.5 Fighting
 + Level 2.8(9.5) Maces & Flails
 - Level 14.0(14.1) Staves
 - Level 5.0 Throwing
 + Level 5.5 Armour
 + Level 5.4 Dodging
 + Level 0.9 Spellcasting
 + Level 5.2 Evocations


You had 10 spell levels left.
You didn't know any spells.
Your spell library contained the following spells:

 Spells                   Type           Power      Damage    Failure   Level
 Freeze                   Ice            0%         1d3       28%         1
 Frozen Ramparts          Ice            0%         1d1       65%         3
 Hailstorm                Conj/Ice       0%         3d3       65%         3
 Inner Flame              Hex/Fire       0%         N/A       65%         3
 Summon Guardian Golem    Hex/Summ       0%         N/A       65%         3
 Anguish                  Hex/Necr       0%         N/A       96%         4
 Cause Fear               Hex            0%         N/A       96%         4
 Passage of Golubria      Tloc           0%         N/A       96%         4
 Silence                  Hex/Air        0%         N/A       100%        5
 Enfeeble                 Hex            0%         N/A       100%        7
 Orb of Destruction       Conj           0%         9d5       100%        7
 Spellforged Servitor     Conj/Summ      0%         N/A       100%        7
 Discord                  Hex            0%         N/A       100%        8
 Lehudib's Crystal Spear  Conj/Erth      0%         10d2      100%        8


Dungeon Overview and Level Annotations

Branches:
Dungeon (8/15)             Temple (1/1) D:5            Lair (1/5) D:8

Altars:
Ashenzari
Elyvilon
Fedhas
Gozag
Hepliaklqana
Kikubaaqudgha
Makhleb
Nemelex Xobeh
Qazlal
Ru
Trog
Vehumet
Wu Jian
Yredelemnul
Zin
The Shining One


Innate Abilities, Weirdness & Mutations

You have a pair of horns on your head.
You reflexively headbutt those who attack you in melee.


Message History

The cane toad poisons you!
You hit the cane toad but do no damage.
The cane toad is moderately wounded.
You feel very sick. The cane toad stings you!
You are more poisoned.
The cane toad poisons you!
You hit the cane toad.
The cane toad is moderately wounded.
You feel very sick.
You closely miss the cane toad.
You headbutt the cane toad, but do no damage.
The cane toad is moderately wounded.
You feel very sick. The cane toad stings you.
You are more poisoned.
The cane toad poisons you!
You feel extremely sick.
You feel extremely sick. The cane toad misses you. You furiously retaliate!
You headbutt the cane toad, but do no damage.
The cane toad attacks as you move away! The cane toad misses you.
You feel very sick.
You feel very sick.
You feel better. The cane toad stings you!
* * * LOW HITPOINT WARNING * * *
You closely miss the cane toad. Your headbutt misses the cane toad.
The cane toad is moderately wounded.
The cane toad stings you.
* * * LOW HITPOINT WARNING * * *
You hit the cane toad.
The cane toad is heavily wounded.
The cane toad stings you.
* * * LOW HITPOINT WARNING * * *
You completely miss the cane toad.
The cane toad is heavily wounded.
You hit the cane toad.
The cane toad is heavily wounded.
The cane toad stings you!!
You die...

...........#
...........#
...........#
...........#
......##.#.#
h.... #....#
.... .#...h#
......P..#F#
#####.P..#@#
#.#..#.##
#.#..#..#
#.#..#.##
#.P..#.#
#....'.# #
#.#..#.#
)##.###....#.#
........####.#


You could see a polar bear and a cane toad.

Vanquished Creatures
  2 two-headed ogres
  Pikel (D:7)
  A polar bear (Lair:1)
  A wyvern (D:7)
  9 yaks
  2 steam dragons
  Menkaure (D:7)
  A water moccasin (D:8)
  Duvessa (D:6)
  An ice beast (D:5)
  A black bear (D:6)
  2 sky beasts
  An ogre (D:5)
  2 centaurs
  4 lemures (D:7)
  A phantom (D:5)
  3 scorpions (D:4)
  2 kobold brigands
  4 bullfrogs
  A gnoll sergeant (D:7)
  Dowan (D:6)
  2 jellies
  3 hounds
  An orc priest (D:5)
  A sleepcap (D:7)
  7 orc wizards
  7 gnolls
  4 adders
  A shadow imp (D:8)
  3 white imps
  A worm (D:4)
  5 dart slugs
  24 orcs
  9 endoplasms
  5 giant cockroaches
  7 goblins
  5 hobgoblins
  3 jackals (D:4)
  2 quokkas (D:1)
  8 ball pythons
  4 bats
  6 frilled lizards
  19 kobolds
  8 rats
177 creatures vanquished.

Vanquished Creatures (others)
  A fungus (Lair:1)
1 creature vanquished.

Grand Total: 178 creatures vanquished

Notes
Turn   | Place    | Note
-------+----------+-------------------------------------------
     0 | D:1      | howech the Minotaur Gladiator began the quest for the Orb.
     0 | D:1      | Reached XP level 1. HP: 18/18 MP: 0/0
   123 | D:1      | Reached XP level 2. HP: 25/25 MP: 1/1
   257 | D:1      | Reached skill level 4 in Staves
   291 | D:1      | Reached skill level 1 in Armour
   439 | D:1      | Reached XP level 3. HP: 29/30 MP: 2/2
  1914 | D:3      | Reached XP level 4. HP: 38/38 MP: 3/3
  2039 | D:3      | Found a bloodstained altar of Trog.
  2369 | D:4      | Noticed a scorpion
  2381 | D:4      | Killed a scorpion
  2382 | D:4      | Reached skill level 5 in Staves
  2382 | D:4      | Reached XP level 5. HP: 22/45 MP: 4/4
  2537 | D:4      | Reached XP level 6. HP: 39/52 MP: 5/5
  2951 | D:4      | Found an ornate altar of the Wu Jian Council.
  3354 | D:4      | Found a radiant altar of Vehumet.
  3405 | D:4      | Reached skill level 6 in Staves
  3605 | D:5      | Entered Level 5 of the Dungeon
  3819 | D:5      | Reached XP level 7. HP: 41/59 MP: 6/6
  3909 | D:5      | Upgraded the game from 0.30-a0-953-g5f1da4a474 to
                  | 0.30-a0-956-gcec3b41aec
  4125 | D:5      | Found a blossoming altar of Fedhas.
  4271 | D:5      | Found a staircase to the Ecumenical Temple.
  4283 | Temple   | Entered the Ecumenical Temple
  4375 | D:5      | Reached skill level 7 in Staves
  4375 | D:5      | Reached skill level 5 in Dodging
  5015 | D:6      | Reached skill level 5 in Fighting
  5015 | D:6      | Reached XP level 8. HP: 57/68 MP: 7/7
  5118 | D:6      | Reached skill level 1 in Evocations
  5482 | D:6      | Noticed Duvessa
  5501 | D:6      | Noticed Dowan
  5581 | D:6      | Noticed a two-headed ogre
  5594 | D:6      | Killed a two-headed ogre
  5595 | D:6      | Reached skill level 9 in Staves
  5595 | D:6      | Reached skill level 5 in Throwing
  5595 | D:6      | Reached skill level 5 in Armour
  5807 | D:6      | Found an opulent altar of Gozag.
  5880 | D:6      | Killed Dowan
  5941 | D:6      | Killed Duvessa
  5942 | D:6      | Reached XP level 9. HP: 20/74 MP: 8/8
  6283 | D:7      | HP: 2/74 [gnoll/+1 heavy spear[a gnoll sergeant] (3)]
  6531 | D:7      | Noticed Menkaure
  6535 | D:7      | Killed Menkaure
  6723 | D:7      | Reached skill level 10 in Staves
  6801 | D:7      | Noticed Pikel
  6813 | D:7      | Killed Pikel
  6929 | D:7      | Reached skill level 11 in Staves
  6933 | D:7      | Reached skill level 5 in Evocations
  7228 | D:7      | Reached skill level 12 in Staves
  7272 | D:7      | Identified the +1 leather armour "Poaluz" {+Blink rC+ rN+}
  7794 | D:7      | Found an ancient bone altar of Kikubaaqudgha.
  7960 | D:8      | Noticed a two-headed ogre
  7982 | D:8      | Killed a two-headed ogre
  7983 | D:8      | Reached skill level 13 in Staves
  7983 | D:8      | Reached XP level 10. HP: 81/81 MP: 9/9
  8430 | D:8      | Found a sacrificial altar of Ru.
  8578 | D:8      | Found a staircase to the Lair.
  8619 | D:8      | Found a stormy altar of Qazlal.
  8727 | Lair:1   | Entered Level 1 of the Lair of Beasts
  8749 | Lair:1   | Reached skill level 14 in Staves
  8770 | Lair:1   | Reached skill level 1 in Maces & Flails
  9140 | Lair:1   | Noticed a cane toad
  9156 | Lair:1   | Mangled by a cane toad

Illustrated notes

Levels and vault maps discovered:
D:1:      nzn_arrival_depleted_hourglass, layout_basic, minmay_pentomino_z2
D:2:      mumra_celtic_spiral_tile, layout_basic, serial_curves, eino_curves_04,
          eino_curves_04, grunt_ministairs_9, minmay_misc_feat_columns
D:3:      layout_rooms, amcnicky_altar_gilded
D:4:      layout_basic, mainiacjoe_overflow_alcove_1, nzn_wu_jian_contemplation
D:5:      layout_layer_cave, lemuel_tele_altar,
          minmay_temple_entry_drinking_statues, minmay_misc_feat_encased
D:6:      layout_cave_pools, nicolae_gozag_seed_capital, uniq_duvessa
D:7:      layout_loops_corners, kennysheep_mini, uniq_menkaure, uniq_pikel
D:8:      layout_rooms, nicolae_ru_awakened_eye, mainiacjoe_overflow_alcove_2,
          lair_entry_dummy, nicolae_benzene_ring
Temple:   nicolae_temple_ecumenical_triangle
Lair:1:   layout_chaotic_city, lemuel_fruit_fields

Skill      XL: |  1  2  3  4  5  6  7  8  9 10 |
---------------+-------------------------------+-----
Staves         | 4 5 6 7 9 13 14 | 14.0
Armour         | 1 2 3 4 5 |  5.5
Fighting       | 3 4 5 |  5.5
Dodging        | 4 5 |  5.4
Throwing       | 3 4 5 |  5.0
Evocations     | 3 5 |  5.2
Maces & Flails | 2 |  2.8
Spellcasting   | |  0.9

Action                     |  1- 3 |  4- 6 |  7- 9 | 10-12 || total
---------------------------+-------+-------+-------+-------++-------
  Melee: Quarterstaff      |    97 |   101 |   189 |    82 ||   469
         Headbutt          |    14 |    10 |    38 |    19 ||    81
  Throw: Boomerang         |       |       |    92 |    15 ||   107
         Throwing net      |       |       |     8 |       ||     8
    Use: Scroll            |     5 |     4 |     1 |     2 ||    12
         Potion            |       |       |       |     1 ||     1
   Stab: Held in net/web   |       |       |     4 |       ||     4
 Armour: Leather armour    |    27 |    16 |    30 |     6 ||    79
  Dodge: Dodged            |    66 |    69 |    83 |    42 ||   260

Table legend: (Time is in decaauts)
 A = Elapsed time spent in this place.
 B = Non-inter-level travel time spent in this place.
 C = Inter-level travel time spent in this place.
 D = Time resting spent in this place.
 E = Time spent auto-exploring this place.
 F = Levels seen in this place.
 G = Mean time per level.
                   A        B        C        D        E       F      G
               +--------+--------+--------+--------+--------+-----+--------+
         Total |   9107 |   8767 |    340 |   1783 |   5519 |  10 |  910.7 |
       Dungeon |   8648 |   8317 |    331 |   1495 |   5430 |   8 | 1081.0 |
        Temple |     47 |     38 |      9 |      0 |     27 |   1 |   47.0 |
          Lair |    411 |    411 |      0 |    288 |     62 |   1 |  411.0 |
               +--------+--------+--------+--------+--------+-----+--------+

Top non-repeatable levels by time:
     D:7: 1738 daAuts
     D:5: 1342 daAuts
     D:4: 1240 daAuts
     D:6: 1137 daAuts
     D:2: 1084 daAuts
     D:8: 814 daAuts
     D:1: 775 daAuts
     D:3: 514 daAuts
  Lair:1: 411 daAuts
  Temple: 47 daAuts
